PBL
BROCKTON ROX @ YORK REVOLUTION
09/05/2047
 
TOP OF THE 1ST
Brockton Rox batting - Pitching for York Revolution : LHP Chad Mroczkowski
Pitching: LHP Chad Mroczkowski
Batting: LHB Eric Gaugler 0-0: Fly out, F8 (Flyball, 8LXD, EV 92.5 MPH)
Batting: LHB Kien-lung Zou 0-0: Called Strike
0-1: Fly out, F8 (Flyball, 8RD, EV 100.6 MPH)
Batting: RHB Kirk Cully 0-0: Ground out 5-3 (Groundball, 56S, EV 89.4 MPH)
Top of the 1st over - 0 runs, 0 hits, 0 errors, 0 left on base; Brockton 0 - York 0
BOTTOM OF THE 1ST
York Revolution batting - Pitching for Brockton Rox : RHP Mitsuharu Yoshimoto
Pitching: RHP Mitsuharu Yoshimoto
Batting: LHB Matt Urbanek 0-0: Ball
1-0: Ball
2-0: Ball
3-0: Called Strike
3-1: Base on Balls
Batting: RHB Juan Valadez 0-0: Ball
1-0: Called Strike
1-1: Ball
2-1: Called Strike
2-2: Ball
3-2: Base on Balls
Matt Urbanek to second
Batting: RHB Jose Corral 0-0: Called Strike
0-1: Foul Ball, location: 2F
0-2: Foul Ball, location: 2F
0-2: Ball
1-2: Ball
2-2: Foul Ball, location: 2F
2-2: Foul Ball, location: 2F
2-2: Foul Ball, location: 2F
2-2: Foul Ball, location: 2F
2-2: Ball
3-2: Fly out, F8 (Flyball, 89D, EV 90.6 MPH)
Runner from 2nd tags up, SAFE at 3rd, no throw by CF
Batting: RHB Trent Hedrick 0-0: Called Strike
0-1: Foul Ball, location: 2F
0-2: SINGLE (Groundball, 6S, EV 72.5 MPH) (infield hit)
Matt Urbanek scores
Juan Valadez to second
Batting: SHB Steve DeRienzo 0-0: Ball
1-0: Called Strike
1-1: Foul Ball, location: 2F
1-2: Ball
2-2: Foul Ball, location: 2F
2-2: Ball
3-2: SINGLE (Line Drive, 34D, EV 103.1 MPH)
Juan Valadez to third
Trent Hedrick to second
Batting: RHB Ivan Barrientos 0-0: Grounds into double play, 5-4-3 (Groundball, 56, EV 85.6 MPH)
Bottom of the 1st over - 1 run, 2 hits, 0 errors, 2 left on base; Brockton 0 - York 1
TOP OF THE 2ND
Brockton Rox batting - Pitching for York Revolution : LHP Chad Mroczkowski
Batting: RHB Felix Rangel 0-0: Fly out, F8 (Flyball, 8RS, EV 80.6 MPH)
Batting: RHB Eric McClelland 0-0: Ball
1-0: Foul Ball, location: 2F
1-1: Called Strike
1-2: Strikes out swinging
Batting: SHB Jose Santiago 0-0: Ball
1-0: Foul Ball, location: 2F
1-1: Ball
2-1: Foul Ball, location: 2F
2-2: Ball
3-2: Strikes out swinging
Top of the 2nd over - 0 runs, 0 hits, 0 errors, 0 left on base; Brockton 0 - York 1
BOTTOM OF THE 2ND
York Revolution batting - Pitching for Brockton Rox : RHP Mitsuharu Yoshimoto
Batting: LHB Travis Hahn 0-0: Ball
1-0: Called Strike
1-1: Swinging Strike
1-2: Ball
2-2: Strikes out swinging
Batting: RHB Jesse Sargent 0-0: Called Strike
0-1: Foul Ball, location: 2F
0-2: Ball
1-2: Strikes out looking
Batting: RHB Alexis Graciani 0-0: Ball
1-0: Called Strike
1-1: Foul Ball, location: 2F
1-2: Ball
2-2: Ball
3-2: Strikes out swinging
Bottom of the 2nd over - 0 runs, 0 hits, 0 errors, 0 left on base; Brockton 0 - York 1
TOP OF THE 3RD
Brockton Rox batting - Pitching for York Revolution : LHP Chad Mroczkowski
Batting: RHB Eric Kent 0-0: Ball
1-0: Ball
2-0: Called Strike
2-1: Fly out, F8 (Flyball, 8LD, EV 91.2 MPH)
Batting: RHB Estevan Carrillo 0-0: Ball
1-0: Ball
2-0: Ball
3-0: Called Strike
3-1: Foul Ball, location: 2F
3-2: Base on Balls
Batting: RHB Mo Tsang 0-0: Ball
Estevan Carrillo is caught stealing 2nd base 2-4
1-0: Called Strike
1-1: Ball
2-1: Ball
3-1: Fly out, F8 (Line Drive, 78M, EV 106.9 MPH)
Top of the 3rd over - 0 runs, 0 hits, 0 errors, 0 left on base; Brockton 0 - York 1
BOTTOM OF THE 3RD
York Revolution batting - Pitching for Brockton Rox : RHP Mitsuharu Yoshimoto
Batting: LHB Matt Urbanek 0-0: Ball
1-0: Called Strike
1-1: Fly out, F6 (Line Drive, 6, EV 72.5 MPH)
Batting: RHB Juan Valadez 0-0: Reached on error, E4 (Groundball, 4, EV 86.9 MPH)
Batting: RHB Jose Corral 0-0: Ball
1-0: 2-RUN HOME RUN (Line Drive, 7LD, EV 91.2 MPH), Distance : 341 ft
Batting: RHB Trent Hedrick 0-0: Ball
1-0: Foul Ball, location: 2F
1-1: SINGLE (Groundball, 4M, EV 95.0 MPH) (infield hit)
Batting: SHB Steve DeRienzo 0-0: Ball
1-0: Foul Ball, location: 2F
1-1: Fly out, F8 (Flyball, 8LD, EV 86.2 MPH)
Batting: RHB Ivan Barrientos 0-0: Ball
1-0: Ball
2-0: Called Strike
2-1: Foul Ball, location: 2F
2-2: Ball
3-2: Foul Ball, location: 2F
3-2: Strikes out swinging
Bottom of the 3rd over - 2 runs, 2 hits, 1 error, 1 left on base; Brockton 0 - York 3
TOP OF THE 4TH
Brockton Rox batting - Pitching for York Revolution : LHP Chad Mroczkowski
Batting: LHB Eric Gaugler 0-0: Ball
1-0: Ball
2-0: Ball
3-0: Called Strike
3-1: SINGLE (Flyball, 34D, EV 93.8 MPH)
Batting: LHB Kien-lung Zou 0-0: Fly out, F8 (Flyball, 8LS, EV 88.8 MPH)
Batting: RHB Kirk Cully 0-0: Called Strike
Eric Gaugler steals 2nd base
0-1: SINGLE (Groundball, 6MD, EV 102.5 MPH)
Eric Gaugler to third
Runner from 3rd tries for Home, throw by CF and OUT! 8-2
Kirk Cully to second
Batting: RHB Felix Rangel 0-0: Ball
1-0: Foul Ball, location: 2F
1-1: Fly out, F7 (Flyball, 7LSF, EV 70.6 MPH)
Top of the 4th over - 0 runs, 2 hits, 0 errors, 1 left on base; Brockton 0 - York 3
BOTTOM OF THE 4TH
York Revolution batting - Pitching for Brockton Rox : RHP Mitsuharu Yoshimoto
Batting: LHB Travis Hahn 0-0: Called Strike
0-1: Ball
1-1: Ball
2-1: SINGLE (Groundball, 5D, EV 108.1 MPH)
Batting: RHB Jesse Sargent 0-0: Ball
1-0: Fielders Choice at 2nd, 5-4 (Groundball, 5, EV 98.8 MPH)
Batting: RHB Alexis Graciani 0-0: Ball
1-0: Ball
Pickoff Throw by Catcher to First - Error! E2
Jesse Sargent to second
2-0: Swinging Strike
2-1: Called Strike
2-2: Strikes out swinging
Batting: LHB Matt Urbanek 0-0: Ball
1-0: Called Strike
1-1: Swinging Strike
1-2: Foul Ball, location: 2F
1-2: Hit by Pitch
Pitching: LHP Bob Strachan
Batting: RHB Juan Valadez 0-0: Ball
1-0: Ball
2-0: Ball
3-0: Called Strike
3-1: Called Strike
3-2: Base on Balls
Jesse Sargent to third
Matt Urbanek to second
Batting: RHB Jose Corral 0-0: Called Strike
0-1: Fly out, F8 (Flyball, 8RD, EV 101.2 MPH)
Bottom of the 4th over - 0 runs, 1 hit, 1 error, 3 left on base; Brockton 0 - York 3
TOP OF THE 5TH
Brockton Rox batting - Pitching for York Revolution : LHP Chad Mroczkowski
Batting: RHB Eric McClelland 0-0: Ball
1-0: Swinging Strike
1-1: Called Strike
1-2: Strikes out looking
Batting: SHB Jose Santiago 0-0: Ball
1-0: Swinging Strike
1-1: Ball
2-1: Fly out, F8 (Line Drive, 8RD, EV 103.8 MPH)
Batting: RHB Eric Kent 0-0: Ball
1-0: Fly out, F8 (Flyball, 8RD, EV 85.6 MPH)
Top of the 5th over - 0 runs, 0 hits, 0 errors, 0 left on base; Brockton 0 - York 3
BOTTOM OF THE 5TH
York Revolution batting - Pitching for Brockton Rox : LHP Bob Strachan
Batting: RHB Trent Hedrick 0-0: Ball
1-0: Foul Ball, location: 2F
1-1: Ball
2-1: SOLO HOME RUN (Flyball, 7LD, EV 93.8 MPH), Distance : 324 ft
Batting: SHB Steve DeRienzo 0-0: Ball
1-0: Called Strike
1-1: Foul Ball, location: 2F
1-2: Foul Ball, location: 2F
1-2: Ball
2-2: Foul Ball, location: 2F
2-2: Foul Ball, location: 2F
2-2: Ball
3-2: SOLO HOME RUN (Flyball, 9D, EV 91.9 MPH), Distance : 358 ft
Batting: RHB Ivan Barrientos 0-0: Ball
1-0: Called Strike
1-1: Ball
2-1: Ball
3-1: Base on Balls
Batting: LHB Travis Hahn 0-0: Ball
1-0: Ball
2-0: Fly out, F6 (Popup, 6M, EV 56.9 MPH)
Pitching: RHP Robby Arce
Batting: RHB Jesse Sargent 0-0: Ball
1-0: Ball
2-0: Fly out, F8 (Flyball, 8RM, EV 90.6 MPH)
Batting: RHB Alexis Graciani 0-0: Ball
1-0: Ball
2-0: Called Strike
2-1: Ball
3-1: Called Strike
3-2: Strikes out swinging
Bottom of the 5th over - 2 runs, 2 hits, 0 errors, 1 left on base; Brockton 0 - York 5
TOP OF THE 6TH
Brockton Rox batting - Pitching for York Revolution : LHP Chad Mroczkowski
Batting: RHB Estevan Carrillo 0-0: Ball
1-0: Foul Ball, location: 2F
1-1: Swinging Strike
1-2: Strikes out looking
Batting: RHB Mo Tsang 0-0: Ball
1-0: Called Strike
1-1: Ball
2-1: Ball
3-1: Base on Balls
Batting: LHB Eric Gaugler 0-0: Ball
1-0: Called Strike
1-1: Foul Ball, location: 2F
1-2: Foul Ball, location: 2F
1-2: Strikes out swinging
Batting: LHB Kien-lung Zou 0-0: Called Strike
0-1: SINGLE (Groundball, 56D, EV 105.6 MPH)
Mo Tsang to second
Batting: RHB Kirk Cully 0-0: Ball
1-0: Called Strike
1-1: Fly out, F9 (Flyball, 9D, EV 95.0 MPH)
Top of the 6th over - 0 runs, 1 hit, 0 errors, 2 left on base; Brockton 0 - York 5
BOTTOM OF THE 6TH
York Revolution batting - Pitching for Brockton Rox : RHP Robby Arce
Batting: LHB Matt Urbanek 0-0: Foul Ball, location: 2F
0-1: Foul Ball, location: 2F
0-2: Ball
1-2: SINGLE (Line Drive, 78M, EV 96.2 MPH)
Batting: RHB Juan Valadez 0-0: Called Strike
0-1: Reached on error, E6 (Groundball, 6, EV 104.4 MPH)
Matt Urbanek to second
Batting: RHB Jose Corral 0-0: Called Strike
0-1: Called Strike
0-2: Strikes out swinging
Batting: RHB Trent Hedrick 0-0: Ball
1-0: Foul Ball, location: 2F
1-1: Foul Ball, location: 2F
1-2: Foul Ball, location: 2F
1-2: Ball
2-2: Fly out, F4 (Line Drive, 4, EV 70.0 MPH)
Batting: SHB Steve DeRienzo 0-0: Ball
1-0: Called Strike
1-1: Ball
2-1: Foul Ball, location: 2F
2-2: Foul Ball, location: 2F
2-2: Foul Ball, location: 2F
2-2: Fly out, F8 (Line Drive, 8LM, EV 95.6 MPH)
Bottom of the 6th over - 0 runs, 1 hit, 1 error, 2 left on base; Brockton 0 - York 5
TOP OF THE 7TH
Brockton Rox batting - Pitching for York Revolution : LHP Chad Mroczkowski
Batting: RHB Felix Rangel 0-0: Foul Ball, location: 2F
0-1: Swinging Strike
0-2: Strikes out swinging
Batting: RHB Eric McClelland 0-0: Ball
1-0: Ball
2-0: Called Strike
2-1: Fly out, F8 (Flyball, 8LXD, EV 100.6 MPH)
Batting: SHB Jose Santiago 0-0: Ball
1-0: Ball
2-0: Ball
3-0: Base on Balls
Pitching: RHP George Crousse
Batting: RHB Eric Kent 0-0: Swinging Strike
0-1: Foul Ball, location: 2F
0-2: Ball
1-2: Ball
2-2: Ball
3-2: Hit by Pitch
Jose Santiago to second
Batting: RHB Estevan Carrillo 0-0: Ball
1-0: Ball
2-0: Ball
3-0: Base on Balls
Jose Santiago to third
Eric Kent to second
Batting: RHB Mo Tsang 0-0: Ball
1-0: Swinging Strike
1-1: Called Strike
1-2: Fly out, F8 (Flyball, 8RD, EV 91.9 MPH)
Top of the 7th over - 0 runs, 0 hits, 0 errors, 3 left on base; Brockton 0 - York 5
BOTTOM OF THE 7TH
York Revolution batting - Pitching for Brockton Rox : RHP Robby Arce
Batting: RHB Ivan Barrientos 0-0: Ball
1-0: Ball
2-0: Called Strike
2-1: Ball
3-1: Called Strike
3-2: Foul Ball, location: 2F
3-2: Base on Balls
Pitching: RHP Murilo Selo
Batting: LHB Travis Hahn 0-0: Fly out, F7 (Flyball, 7S, EV 89.4 MPH)
Batting: RHB Jesse Sargent 0-0: Fly out, F8 (Flyball, 8LXD, EV 103.1 MPH)
Batting: RHB Alexis Graciani 0-0: Ball
1-0: Ball
Ivan Barrientos is caught stealing 2nd base 2-4
Bottom of the 7th over - 0 runs, 0 hits, 0 errors, 0 left on base; Brockton 0 - York 5
TOP OF THE 8TH
Brockton Rox batting - Pitching for York Revolution : RHP George Crousse
Batting: LHB Eric Gaugler 0-0: Ball
1-0: Ball
2-0: Swinging Strike
2-1: Foul Ball, location: 2F
2-2: Foul Ball, location: 2F
2-2: Foul Ball, location: 2F
2-2: Strikes out swinging
Batting: LHB Kien-lung Zou 0-0: Fly out, F3 (Popup, 34S, EV 75.0 MPH)
Batting: RHB Kirk Cully 0-0: Swinging Strike
0-1: Ball
1-1: Ball
2-1: Ball
3-1: Ground out 4-3 (Groundball, 4S, EV 79.4 MPH)
Top of the 8th over - 0 runs, 0 hits, 0 errors, 0 left on base; Brockton 0 - York 5
BOTTOM OF THE 8TH
York Revolution batting - Pitching for Brockton Rox : RHP Murilo Selo
Pinch Hitting: RHB Joel Gomez 0-0: Ball
1-0: Called Strike
1-1: Ball
2-1: Foul Ball, location: 2F
2-2: Strikes out looking
Batting: LHB Matt Urbanek 0-0: Ball
1-0: Ball
2-0: Foul Ball, location: 2F
2-1: Called Strike
2-2: Fly out, F9 (Flyball, 89S, EV 76.2 MPH)
Batting: RHB Juan Valadez 0-0: Ball
1-0: Ball
2-0: Ball
3-0: Base on Balls
Batting: RHB Jose Corral 0-0: Ball
1-0: Called Strike
1-1: Ball
Juan Valadez steals 2nd, throwing error, E2
Juan Valadez to third
2-1: Ball
3-1: Called Strike
3-2: 2-RUN HOME RUN (Flyball, 7D, EV 93.1 MPH), Distance : 367 ft
Batting: RHB Trent Hedrick 0-0: Ball
1-0: Fly out, F8 (Flyball, 78M, EV 93.8 MPH)
Bottom of the 8th over - 2 runs, 1 hit, 1 error, 0 left on base; Brockton 0 - York 7
TOP OF THE 9TH
Brockton Rox batting - Pitching for York Revolution : RHP George Crousse
Now at 1B: Joel Gomez
Batting: RHB Felix Rangel 0-0: Called Strike
0-1: Ball
1-1: Called Strike
1-2: Strikes out swinging
Batting: SHB Arihito Hiramoto 0-0: Ball
1-0: Swinging Strike
1-1: Called Strike
1-2: Strikes out swinging
Batting: SHB Jose Santiago 0-0: Fly out, F5 (Popup, 56, EV 58.8 MPH)
Top of the 9th over - 0 runs, 0 hits, 0 errors, 0 left on base; Brockton 0 - York 7
Thursday, December 15th , 2022 - OOTP Baseball 23.9 Build 102